 Dungeon Crawl Stone Soup version 0.21.1-1-g345015f (webtiles) character file.

182 tyranidshit the Skirmisher (level 5, 0/46 HPs)
             Began as a Demonspawn Abyssal Knight on July 25, 2018.
             Was a Believer of Lugonu.
             Succumbed to an adder's poison
             ... on level 3 of the Dungeon.
             The game lasted 00:06:17 (1952 turns).

tyranidshit the Skirmisher (DsAK)                   Turns: 1952, Time: 00:06:18

Health: 0/46       AC: 17    Str: 12 (13) XL:     5   Next: 34%
Magic:  6/6        EV:  5    Int: 11 (13) God:    Lugonu [**....]
Gold:   133        SH:  2    Dex: 13      Spells: 4/4 levels left

rFire    + . .     SeeInvis .   a - +2 hand axe
rCold    . . .     Gourm    .   (no shield)
rNeg     . . .     Faith    .   m - +0 chain mail
rPois    .         Spirit   .   f - +2 helmet
rElec    .         Reflect  +   (no cloak)
rCorr    .         Harm     .   (no gloves)
MR       .....                  (no boots)
Stlth    ..........             i - +2 amulet of reflection
HPRegen  0.15/turn              d - ring of protection from fire
MPRegen  0.10/turn              (no ring)

@: lethally poisoned (0 -> -1), sanguine armour
A: powered by pain 1, sanguine armour 1
a: Depart the Abyss, Bend Space, Renounce Religion


You were on level 3 of the Dungeon.
You worshipped Lugonu.
Lugonu was pleased with you.
You were not hungry.

You visited 1 branch of the dungeon, and saw 3 of its levels.
You visited the Abyss 1 time.

You collected 133 gold pieces.

Inventory:

Hand Weapons
 a - a +2 hand axe (weapon)
 e - a +0 hand axe
Armour
 f - a +2 helmet (worn)
 m - a +0 chain mail (worn)
Jewellery
 d - a ring of protection from fire (left hand)
 i - a +2 amulet of reflection (around neck)
Scrolls
 j - a scroll of fog
 l - a scroll of identify
Comestibles
 c - 7 rations


   Skills:
 + Level 6.1 Fighting
 - Level 1.7 Axes
 - Level 1.7 Armour
 - Level 0.8 Dodging
 - Level 2.4 Invocations


You had 4 spell levels left.
You didn't know any spells.

Dungeon Overview and Level Annotations

Branches:
Dungeon (3/15)

Altars:
Vehumet


Innate Abilities, Weirdness & Mutations

You sometimes gain a little power by taking damage.
When seriously injured, your bleeding wounds create armour. (AC +6)


Message History

* * * LOW HITPOINT WARNING * * *
You feel sick.
The orc priest hits you but does no damage.
You aren't carrying any potions.
Okay, then.
You hit the orc priest.
You kill the orc priest!
Lugonu accepts your kill.
You feel your dexterity returning.
Your Fighting skill increases to level 6!
Things that are here:
a flail; an orc corpse x2
Unknown command.
* * * LOW HITPOINT WARNING * * *
You feel sick.
* * * LOW HITPOINT WARNING * * *
You feel sick.
* * * LOW HITPOINT WARNING * * *
You feel sick.
You die...

...................#.#...#.......
.##..........##...##.#####.......
#..........##...##.# #.......
#...............##.# #...))).
#...............##.#########.#.
#...............##.#...........
...[............#.#...........
............###.#.#...........
.............@....#...........
..................#...........
..########....^.......#####.#. ..
######.......# #.#.
..............# #.#.
.........>....# .#
........(.....# ............))#
#######(......#


There were no monsters in sight!

Vanquished Creatures
  2 orc priests
  Terence (D:3)
  3 adders
  A worm (D:2)
  2 dart slugs (D:1)
  2 leopard geckos (D:1)
  5 orcs
  6 bats
  3 giant cockroaches
  7 goblins
  9 hobgoblins
  4 jackals
  A quokka (D:3)
  A frilled lizard (D:2)
  8 kobolds
  5 rats
60 creatures vanquished.

Notes
Turn   | Place    | Note
-------+----------+-------------------------------------------
     0 | Abyss:1  | tyranidshit the Demonspawn Abyssal Knight began the quest for the Orb.
     0 | Abyss:1  | Reached XP level 1. HP: 18/18 MP: 2/2
     0 | Abyss:1  | Found a corrupted altar of Lugonu.
    61 | Abyss:2  | Noticed a wretched star
    62 | D:1      | Escaped the Abyss
   185 | D:1      | Reached * piety under Lugonu
   190 | D:1      | Gained mutation: You sometimes gain a little power by taking damage. [demonic ancestry]
   190 | D:1      | Reached XP level 2. HP: 19/24 MP: 3/3
   437 | D:1      | Reached skill level 4 in Fighting
   848 | D:2      | Reached XP level 3. HP: 26/30 MP: 4/4
  1015 | D:2      | Found a radiant altar of Vehumet.
  1027 | D:2      | Reached XP level 4. HP: 26/38 MP: 5/5
  1059 | D:2      | Reached skill level 5 in Fighting
  1776 | D:3      | Noticed Terence
  1798 | D:3      | Killed Terence
  1872 | D:3      | Reached ** piety under Lugonu
  1927 | D:3      | Gained mutation: When seriously injured, your bleeding wounds create armour. (AC +6) [demonic ancestry]
  1927 | D:3      | Reached XP level 5. HP: 36/46 MP: 6/6
  1935 | D:3      | HP: 2/46 [orc priest/flail (5)]
  1938 | D:3      | Reached skill level 6 in Fighting
  1940 | D:3      | HP: 1/46 [poisoned by an adder]
  1948 | D:3      | HP: 1/46 [poisoned by an adder]
  1952 | D:3      | Succumbed to an adder's poison

Skill      XL: |  1  2  3  4  5 |
---------------+----------------+-----
Fighting       | 4 5 6 |  6.1
Axes           | |  1.7
Armour         | |  1.7
Dodging        | |  0.8
Invocations    | |  2.4

Action                   |  1- 3 |  4- 6 || total
-------------------------+-------+-------++-------
Melee: Hand axe          |    94 |   124 ||   218
Invok: Depart the Abyss  |     1 |       ||     1
  Use: Scroll            |     5 |     3 ||     8
       Potion            |     6 |     2 ||     8
  Eat: Ration            |       |     1 ||     1
Armor: Ring mail         |    13 |       ||    13
       Leather armour    |     2 |       ||     2
       Scale mail        |    15 |    33 ||    48
       Chain mail        |       |    66 ||    66
Dodge: Dodged            |    33 |    57 ||    90
Block: Other             |       |     8 ||     8
